 Dungeon Crawl Stone Soup version 0.23.2-40-g277498a001 (webtiles) character file.

Game seed: 14513160024980585601

1136 Frank2 the Chopper (level 7, -18/57 HPs)
             Began as a Demigod Gladiator on Sept 14, 2019.
             Demolished by an orc warrior
             ... wielding a +0 glaive
              (19 damage)
             ... on level 6 of the Dungeon.
             The game lasted 00:08:44 (5460 turns).

Frank2 the Chopper (Demigod Gladiator)              Turns: 5460, Time: 00:08:44

Health: -18/57     AC:  9    Str: 17    XL:     7   Next: 91%
Magic:  11/11      EV: 12    Int: 12    God:
Gold:   67         SH:  0    Dex: 21    Spells: 6/6 levels left

rFire    . . .     SeeInvis .   a - +0 war axe
rCold    . . .     Gourm    .   (no shield)
rNeg     . . .     Faith    .   w - +0 scale mail
rPois    .         Spirit   .   c - +0 helmet
rElec    .         Reflect  .   m - +0 cloak
rCorr    .         Harm     .   (no gloves)
MR       .....                  (no boots)
Stlth    ..........             (no amulet)
HPRegen  0.19/turn              (no ring)
MPRegen  0.12/turn              (no ring)

@: no status effects
A: high mp 1
a: no special abilities


You were on level 6 of the Dungeon.
You were hungry.

You visited 1 branch of the dungeon, and saw 6 of its levels.
You also visited: Ossuary.

You collected 259 gold pieces.
You spent 192 gold pieces at shops.

Inventory:

Hand Weapons
 a - a +0 war axe (weapon)
Armour
 c - a +0 helmet (worn)
 m - a +0 cloak (worn)
 w - a +0 scale mail (worn)
Wands
 p - a wand of random effects (9)
Scrolls
 h - 2 scrolls of magic mapping
 i - 2 scrolls of fear
 s - a scroll of remove curse
Potions
 b - a potion of invisibility
 e - 3 potions of cancellation
 g - a potion of haste
 j - 2 potions of might
 k - 2 potions of magic
 n - 2 potions of ambrosia {unknown}
 o - 2 potions of lignification
 q - 2 potions of degeneration {unknown}
 r - a potion of heal wounds
 t - 4 potions of curing
 u - a potion of brilliance {unknown}
Comestibles
 f - 8 rations


   Skills:
 + Level 3.2 Fighting
 + Level 6.3 Axes
 - Level 1.7 Throwing
 * Level 4.3 Armour
 + Level 3.7 Dodging
 * Level 2.4 Evocations


You had 6 spell levels left.
You didn't know any spells.
Your spell library contained the following spells:

 Spells                   Type           Power        Failure   Level  Hunger
 Flame Tongue             Conj/Fire      #....        71%         1    ##.....
 Throw Flame              Conj/Fire      #.....       85%         2    ###....
 Conjure Flame            Conj/Fire      #.......     97%         3    ####...
 Inner Flame              Hex/Fire       #.......     97%         3    ####...
 Sticky Flame             Conj/Fire      #.......     100%        4    #####..
 Fireball                 Conj/Fire      #.........   100%        5    ######.


Dungeon Overview and Level Annotations

Branches:
Dungeon (6/15)
 Temple: D:4-7

Shops:
D:4 !

Annotations:
D:3 3 runed translucent doors, ciphuk's ghost, amateur MfIE


Innate Abilities, Weirdness & Mutations

You have an increased reservoir of magic. (+10% MP)


Message History

Aim: an orc warrior, wielding a +0 glaive and wearing a +0 plate armour The fireball explodes!
The fireball engulfs the orc warrior!
The orc warrior is heavily wounded.
The orc warrior throws a tomahawk.
The tomahawk hits you.
Evoke which item? (* to show all) (? for menu, Esc to quit)
Aiming: Random Effects
Press: ? - help, Shift-Dir - straight line, f/p - orc warrior
Aim: an orc warrior, wielding a +0 glaive and wearing a +0 plate armour (heavily wounded)
The orc warrior seems to speed up.
Evoke which item? (* to show all) (? for menu, Esc to quit)
Aiming: Random Effects
Press: ? - help, Shift-Dir - straight line, f/p - orc warrior
Aim: an orc warrior, wielding a +0 glaive and wearing a +0 plate armour (heavily wounded, fast)
The puff of frost hits the orc warrior!
The orc warrior is almost dead.
The orc warrior misses you.
The orc warrior hits you with a +0 glaive!!
* * * LOW HITPOINT WARNING * * *
The orc warrior hits you with a +0 glaive!!
You die...

.....#..#.######.#
.....#..#........#
..)[)#..##########
###.## #.# #.#
#.##########
#..........###########
#.........(..(@ooooo..
##.........##########.
#.........#
#.........#
#.........#
#...........
#########..). #...≈


You could see an orc warrior and 4 orcs.

Vanquished Creatures
  An orc warrior (D:6)
  An ice beast (D:5)
  2 phantoms
  A water moccasin zombie (Ossuary)
  A crimson imp (D:5)
  2 jellies
  6 orc wizards
  2 hounds (D:5)
  Crazy Yiuf (D:4)
  An iguana (D:5)
  2 worker ants (D:4)
  A big kobold zombie (Ossuary)
  A hound zombie (D:5)
  2 mummies (Ossuary)
  8 adders
  A shadow imp (D:5)
  3 oozes
  9 adder zombies (Ossuary)
  An adder skeleton (D:5)
  4 worms
  A dart slug (D:1)
  6 leopard geckos
  10 orcs
  5 giant cockroaches
  3 gnoll zombies (Ossuary)
  12 goblins
  2 hobgoblins (D:2)
  6 jackals (D:1)
  8 kobolds
  7 bats
  A frilled lizard (D:2)
  5 hobgoblin zombies (Ossuary)
  3 kobold zombies (Ossuary)
  4 orc zombies (Ossuary)
  4 rats
127 creatures vanquished.

Vanquished Creatures (others)
  5 toadstools (D:1)
5 creatures vanquished.

Grand Total: 132 creatures vanquished

Notes
Turn   | Place    | Note
-------+----------+-------------------------------------------
     0 | D:1      | Frank2 the Demigod Gladiator began the quest for the Orb.
     0 | D:1      | Reached XP level 1. HP: 17/17 MP: 3/3
   159 | D:1      | Reached skill level 3 in Axes
   159 | D:1      | Reached XP level 2. HP: 24/24 MP: 4/4
   617 | D:1      | Reached skill level 1 in Armour
   951 | D:2      | Reached XP level 3. HP: 20/29 MP: 5/5
  1486 | D:2      | Reached XP level 4. HP: 21/36 MP: 6/6
  1666 | D:2      | Found a glowing silver altar of Zin.
  2298 | D:3      | Found a runed translucent gate.
  2298 | D:3      | Found a runed translucent gate.
  2298 | D:3      | Found a runed translucent gate.
  2304 | D:3      | Noticed ciphuk's ghost (amateur MfIE)
  2432 | D:3      | Reached skill level 4 in Axes
  2642 | D:3      | Found a stormy altar of Qazlal.
  2951 | D:4      | Reached XP level 5. HP: 25/42 MP: 7/7
  3105 | D:4      | Noticed a phantom
  3140 | D:4      | Killed a phantom
  3334 | D:4      | Found Ysaqeng's Distillery.
  3339 | D:4      | Bought a potion of invisibility for 96 gold pieces
  3339 | D:4      | Bought a potion of heal wounds for 60 gold pieces
  3452 | D:4      | Found a runed translucent door.
  3453 | D:4      | Noticed Crazy Yiuf
  3509 | D:4      | Reached XP level 6. HP: 28/50 MP: 8/8
  3638 | D:4      | Killed Crazy Yiuf
  3863 | D:5      | Entered Level 5 of the Dungeon
  3878 | D:5      | Reached skill level 5 in Axes
  3967 | D:5      | Found a sand-covered staircase.
  3972 | Ossuary  | Entered an ossuary
  3997 | Ossuary  | Reached skill level 1 in Evocations
  4366 | D:5      | Found a sacrificial altar of Ru.
  4378 | D:5      | Reached XP level 7. HP: 42/56 MP: 10/10
  4644 | D:5      | Found a white marble altar of Elyvilon.
  4752 | D:5      | Reached skill level 6 in Axes
  5045 | D:5      | Found a deep blue altar of Sif Muna.
  5251 | D:4      | Bought a potion of curing for 36 gold pieces
  5460 | D:6      | HP: 1/57 [orc warrior/+0 glaive (21)]
  5460 | D:6      | Demolished by an orc warrior

Skill      XL: |  1  2  3  4  5  6  7 |
---------------+----------------------+-----
Axes           | 3 4 5 6 |  6.3
Dodging        | 3 |  3.7
Armour         | 1 2 3 4 |  4.3
Fighting       | 2 3 |  3.2
Evocations     | 1 2 |  2.4
Throwing       | |  1.7

Action                   |  1- 3 |  4- 6 |  7- 9 || total
-------------------------+-------+-------+-------++-------
Melee: War axe           |   106 |   268 |   108 ||   482
Throw: Throwing net      |     1 |     1 |     1 ||     3
Evoke: Wand              |       |       |    10 ||    10
  Use: Scroll            |     8 |     4 |     2 ||    14
       Potion            |     1 |     3 |     3 ||     7
 Stab: Sleeping          |     3 |     2 |       ||     5
       Distracted        |     1 |       |       ||     1
       Invisible         |       |     4 |       ||     4
       Held in net/web   |       |     1 |     2 ||     3
  Eat: Chunk             |     2 |     8 |     1 ||    11
       Ration            |       |       |     1 ||     1
Armor: Leather armour    |    31 |    16 |       ||    47
       Ring mail         |       |    60 |     2 ||    62
       Scale mail        |       |       |    39 ||    39
Dodge: Dodged            |    95 |   194 |    74 ||   363
